 Dungeon Sprint DCSS version 0.26-a0-651-gb41185065b (webtiles) character file.

Game seed: 7607368993996189562

10595 sahdkjhfkaj the Transmogrifier (level 11, -7/122 HPs)
             Began as a Yellow Draconian Ice Elementalist on Sept 29, 2020.
             Was a High Priest of Sif Muna.
             Killed by divine providence
             ... invoked by Saint Roka
              (16 damage)
             ... in the Dungeon (Sprint V: "Ziggurat Sprint").
             The game lasted 00:05:45 (1379 turns).

sahdkjhfkaj the Transmogrifier (DrIE)               Turns: 1379, Time: 00:05:46

Health: -7/122     AC: 34    Str: 18    XL:     11   Next: 38%
Magic:  3/24       EV: 10    Int: 23    God:    Sif Muna [*****.]
Gold:   0          SH: 29    Dex: 14    Spells: 11/28 levels left

rFire    + . .     SeeInvis .   E - +8 lance "Wyrmbane" {slay drac, rPois rF+ rC+ AC+3}
rCold    + + .     Faith    .   D - +18 shield of the Gong {rElec rN+ MR+ EV-5}
rNeg     + + .     Spirit   .   (armour unavailable)
rPois    ∞         Reflect  .   (helmet restricted)
rElec    +         Harm     .   (no cloak)
rCorr    +         Rampage  .   (gloves currently unavailable)
MR       +....     NoTele   +   (boots currently unavailable)
Stlth    ++........             G - amulet "Ges Naib" {+Blink rC+ Regen+ Dex+2}
HPRegen  0.70/turn              A - +6 ring of strength
MPRegen  0.19/turn              z - +6 ring of intelligence

@: short of breath, statue-form, studying Spellcasting, very slow
A: (spit acid), unfitting armour, cold-blooded, acid resistance, AC +7
a: End Transformation, Channel Magic, Forget Spell, Divine Exegesis, Renounce
Religion, Evoke Blink


You were in the Dungeon.
You worshipped Sif Muna.
Sif Muna was extremely pleased with you.
You were a stone statue.
You visited 1 branch

Inventory:

Hand Weapons
 E - the +8 lance "Wyrmbane" (weapon) {slay drac, rPois rF+ rC+ AC+3}
   (You found it in the Dungeon)

   It affects your AC (+3).
   It protects you from fire.
   It protects you from cold.
   It protects you from poison.
Armour
 D - the +18 shield of the Gong (worn) {rElec rN+ MR+ EV-5}
   (You found it in the Dungeon)

   It affects your evasion (-5).
   It insulates you from electricity.
   It protects you from negative energy.
   It affects your resistance to hostile enchantments.
Jewellery
 v - an uncursed ring of flight
 w - a +6 ring of dexterity
 x - a +6 ring of dexterity
 y - a +6 ring of intelligence
 z - a +6 ring of intelligence (right hand)
 A - a +6 ring of strength (left hand)
 B - a +6 ring of strength
 G - the amulet "Ges Naib" (around neck) {+Blink rC+ Regen+ Dex+2}
   (You found it in the Dungeon)

   [amulet of regeneration]

   It affects your dexterity (+2).
   It protects you from cold.
   It lets you blink.
   It increases your rate of regeneration.
Wands
 s - a wand of disintegration (7)
 t - a wand of iceblast (7)
 u - a wand of acid (7)
Scrolls
 g - 4 scrolls of blinking
 m - 4 scrolls of amnesia
 n - 7 scrolls of fog
 o - a scroll of holy word
 p - 5 scrolls of identify
 q - 5 scrolls of remove curse
 r - 2 scrolls of fear
Potions
 a - 2 potions of brilliance
 b - 9 potions of curing
 c - 12 potions of heal wounds
 d - 10 potions of haste
 e - 7 potions of magic
 f - a potion of berserk rage
 h - 2 potions of invisibility
 i - 4 potions of resistance
 j - a potion of experience
 k - 5 potions of stabbing
 l - 5 potions of might
Books
 F - a manual of Spellcasting
Miscellaneous
 C - a lightning rod (4/4)
 H - a condenser vane (2/2)
 I - a condenser vane (2/2)


   Skills:
 + Level 8.0 Fighting
 + Level 5.0 Polearms
 + Level 7.0 Dodging
 - Level 1.7 Stealth
 + Level 7.5 Shields
 + Level 9.1 Spellcasting
 + Level 13.3 Transmutations
 - Level 10.3 Ice Magic
 + Level 13.3 Earth Magic
 - Level 12.0 Invocations


You had 11 spell levels left.
You knew the following spells:

 Your Spells              Type           Power        Failure   Level
a - Freeze                Ice            ####         1%          1
b - Frozen Ramparts       Ice            ######       1%          3
c - Ozocubu's Armour      Ice            ######..     1%          3
d - Hailstorm             Conj/Ice       ####....     19%         4
S - Statue Form           Tmut/Erth      ######...    11%         6

Your spell library contained the following spells:

 Spells                   Type           Power        Failure   Level
 Beastly Appendage        Tmut           ######       1%          1
 Wereblood                Tmut           ######..     1%          2
 Ice Form                 Ice/Tmut       ######..     1%          4
 Petrify                  Tmut/Erth      ######..     1%          4
 Blade Hands              Tmut           ######....   1%          5
 Spider Form              Tmut/Pois      #####.....   3%          3
 Stone Arrow              Conj/Erth      #####.       3%          3
 Leda's Liquefaction      Hex/Erth       #####.....   11%         4
 Foxfire                  Conj/Fire      ##..         16%         1
 Magic Dart               Conj           ##..         16%         1
 Summon Ice Beast         Ice/Summ       ####....     19%         4
 Call Imp                 Summ           ##......     24%         2
 Sublimation of Blood     Necr           ##........   24%         2
 Yara's Violent Unravell  Hex/Tmut       #####.....   28%         5
 Ozocubu's Refrigeration  Ice            ######....   34%         6
 Conjure Flame            Conj/Fire      ##......     43%         3
 Dazzling Flash           Conj/Hex       ##....       43%         3
 Static Discharge         Conj/Air       ##......     43%         3
 Metabolic Englaciation   Hex/Ice        ####......   47%         5
 Dragon Form              Tmut           ######....   50%         7
 Bolt of Magma            Conj/Fire/Erth ####......   58%         5
 Eringya's Noxious Bog    Tmut/Pois      #####.....   85%         6
 Iron Shot                Conj/Erth      #####.....   85%         6
 Simulacrum               Ice/Necr       ####......   96%         6
 Summon Mana Viper        Hex/Summ       ##......     99%         5
 Freezing Cloud           Conj/Ice/Air   ####......   99%         6
 Conjure Ball Lightning   Conj/Air       ##........   100%        6
 Haunt                    Necr/Summ      ##........   100%        7
 Malign Gateway           Summ/Tloc      ##........   100%        7
 Spellforged Servitor     Conj/Summ      ##........   100%        7
 Borgnjor's Revivificati  Necr           ##........   100%        8
 Ignition                 Fire           ##........   100%        8
 Infestation              Necr           ##........   100%        8
 Necromutation            Tmut/Necr      #####.....   100%        8
 Absolute Zero            Ice            ######....   100%        9
 Death's Door             Necr           ##........   100%        9
 Shatter                  Erth           ######....   100%        9


Dungeon Overview and Level Annotations

Branches:
Dungeon (1/1)

Altars:
Ashenzari
Cheibriados
Dithmenos
Elyvilon
Fedhas
Gozag
Hepliaklqana
Kikubaaqudgha
Makhleb
Nemelex Xobeh
Okawaru
Qazlal
Ru
Sif Muna
Trog
Uskayaw
Vehumet
Wu Jian
Xom
Yredelemnul
Zin
The Shining One
Beogh
Jiyva
Lugonu

Annotations:
D 1 transporter, Saint Roka


Innate Abilities, Weirdness & Mutations

((You can spit globs of acid.))
((Your golden yellow scales are hard. (AC +7)))
You cannot fit into any form of body armour.
You are cold-blooded and may be slowed by cold attacks.
You are resistant to acid. (rCorr)


Message History

You block Saint Roka's attack.
GONNNNG!
Unknown command.
You impale Saint Roka!!
Saint Roka is severely wounded.
You block Saint Roka's attack.
GONNNNG!
Unknown command.
You puncture Saint Roka!
Saint Roka is severely wounded.
Saint Roka cries, "In the name of Beogh, DIE!"
You block Saint Roka's attack.
PANG!
You block Saint Roka's attack.
BOUMMMMG!
You hit Saint Roka.
Saint Roka is severely wounded.
Saint Roka calls down the wrath of Beogh upon you.
Beogh smites you!
You die...

▓▓▓▓▓▓▓▓▓▓▓▓▓▓▓▓▓▓▓
▓...8©8...▓...8©8...▓
▓..)..))..▓..}}.)=..▓
▓..[)))[..▓...}[.)..▓
▓...))....▓...†††...▓
▓..)......▓..†..|...▓
▓....)....▓....†....▓
▓....o....▓.........▓
▓....8)...▓.........▓
▓.........▓....©....▓
▓....©....▓▓▓▓▓▓▓▓▓▓▓
▓▓▓▓▓▓▓▓▓▓▓


You could see Saint Roka.

Vanquished Creatures
  Donald (D)
  Louise (D)
  Nessos (D)
  Harold (D)
  Erica (D)
  Nergalle (D)
  A sixfirhy (D)
  An orb spider (shapeshifter) (D)
  2 ugly things (D)
  Maurice (D)
  A smoke demon (D)
  A rime drake (shapeshifter) (D)
  A hornet (shapeshifter) (D)
  A raiju (D)
  Eustachio (D)
  A human (shapeshifter) (D)
  A golden eye (shapeshifter) (D)
  A neqoxec (D)
  3 nagas (D)
  2 hell hounds (D)
  4 water moccasins (D)
  A black bear (shapeshifter) (D)
  2 necrophages (D)
  Dowan (D)
  A wight (D)
  2 crimson imps (D)
  A quasit (D)
  2 orc priests (D)
  An orc wizard (D)
  2 iron imps (D)
  3 adders (D)
  3 white imps (D)
  2 ufetubi (D)
  An adder zombie (D)
  2 adder skeletons (D)
  An orc (D)
  3 bat skeletons (D)
  A bat zombie (D)
  2 ball pythons (D)
  A giant cockroach zombie (D)
  A leopard gecko zombie (D)
  A quokka skeleton (D)
  A fire vortex (D)
63 creatures vanquished.

Notes
Turn   | Place    | Note
-------+----------+-------------------------------------------
     0 | D        | sahdkjhfkaj the Draconian Ice Elementalist began the quest
                  | for the Orb.
     0 | D        | Reached XP level 1. HP: 14/14 MP: 3/3
     0 | D        | Found a shimmering blue altar of Sif Muna.
     0 | D        | Found a sacrificial altar of Ru.
     0 | D        | Found a bloodstained altar of Trog.
     0 | D        | Found a stormy altar of Qazlal.
     0 | D        | Found an iron altar of Okawaru.
     0 | D        | Found a sparkling altar of Nemelex Xobeh.
     0 | D        | Found a blossoming altar of Fedhas.
     1 | D        | Found the +6 Majin-Bo {vamp, MP+6 Int+6}
     1 | D        | Found the +9 heavy crossbow "Sniper" {vorpal, Acc+∞ SInv}
     1 | D        | Found the +10 dark maul {vorpal}
     1 | D        | Found the +15 Maxwell's patent armour {-Cast -Tele rElec
                  | MR+ rCorr}
     1 | D        | Found the +18 shield of the Gong {rElec rN+ MR+ EV-5}
     1 | D        | Found the cursed +14 obsidian axe {vorpal, +Fly SInv
                  | *Curse}
     1 | D        | Found the +7 great mace "Firestarter" {inner flame, rF++}
     1 | D        | Found the +6 shillelagh "Devastator" {shatter}
     1 | D        | Found the +11 plutonium sword {*Contam Stlth-}
     1 | D        | Found the +8 lance "Wyrmbane" {slay drac, rPois rF+ rC+
                  | AC+3}
     1 | D        | Found the +9 sword of Zonguldrok {reap}
     1 | D        | Found the cursed +13 scythe of Curses {drain, *Curse}
     1 | D        | Found the +0 sword of Power
     1 | D        | Found the +7 mace of Variability {chain chaos}
     1 | D        | Found the +7 Singing Sword {vorpal, sonic wave}
     1 | D        | Found the +8 storm bow {elec, penet}
     2 | D        | Found a transporter.
     2 | D        | Found an ancient bone altar of Kikubaaqudgha.
     2 | D        | Found a viscous altar of Jiyva.
     2 | D        | Found a corrupted altar of Lugonu.
     2 | D        | Found a hazy altar of Hepliaklqana.
     2 | D        | Found a burning altar of Makhleb.
     2 | D        | Found an opulent altar of Gozag.
    36 | D        | Became a worshipper of Sif Muna the Loreminder
    61 | D        | Entered arena 2.
    61 | D        | Noticed a naga
    61 | D        | Noticed a water moccasin
    61 | D        | Found a transporter.
    62 | D        | Identified the cursed +0 great mace of Elotoler {venom,
                  | *Rage Str+6 Int+4}
    68 | D        | Killed a naga
    68 | D        | Reached XP level 2. HP: 27/27 MP: 3/6
    68 | D        | Reached XP level 3. HP: 33/33 MP: 4/8
    68 | D        | Reached XP level 4. HP: 40/40 MP: 4/9
    71 | D        | Killed a water moccasin
    71 | D        | Reached XP level 5. HP: 47/47 MP: 4/12
   217 | D        | Learned a level 3 spell: Frozen Ramparts
   217 | D        | Entered arena 3.
   217 | D        | Noticed a hell hound
   217 | D        | Noticed a hell hound
   217 | D        | Found a transporter.
   224 | D        | Killed a hell hound
   224 | D        | Reached * piety under Sif Muna
   224 | D        | Reached skill level 5 in Fighting
   224 | D        | Reached skill level 5 in Dodging
   224 | D        | Reached skill level 5 in Shields
   224 | D        | Reached skill level 5 in Spellcasting
   224 | D        | Reached XP level 6. HP: 45/56 MP: 9/14
   237 | D        | Killed a hell hound
   237 | D        | Reached skill level 1 in Polearms
   331 | D        | Entered arena 4.
   331 | D        | Found a transporter.
   339 | D        | Reached ** piety under Sif Muna
   401 | D        | Got the amulet "Ges Naib" {+Blink rC+ Regen+ Dex+2}
   414 | D        | Learned a level 3 spell: Ozocubu's Armour
   414 | D        | Entered arena 5.
   414 | D        | Found a transporter.
   419 | D        | Reached *** piety under Sif Muna
   428 | D        | Your scales start taking on a golden yellow colour.
   428 | D        | Reached XP level 7. HP: 45/63 MP: 12/17
   428 | D        | Gained mutation: You are resistant to acid. (rCorr) [Yellow
                  | Draconian growth]
   469 | D        | Entered arena 6.
   469 | D        | Found a transporter.
   475 | D        | Reached **** piety under Sif Muna
   487 | D        | Reached skill level 10 in Ice Magic
   664 | D        | Got the Grimoire of Hurtful Ice
   672 | D        | Learned a level 4 spell: Hailstorm
   672 | D        | Entered arena 7.
   673 | D        | Found a transporter.
   676 | D        | Reached ***** piety under Sif Muna
   676 | D        | Identified Sif Muna's Papyrus of Earth and Ice (Sif Muna
                  | gifted it to you in the Dungeon)
   676 | D        | Received a gift from Sif Muna
   684 | D        | Reached skill level 5 in Invocations
   688 | D        | Reached XP level 8. HP: 39/73 MP: 8/19
   881 | D        | Entered arena 8.
   882 | D        | Found a transporter.
   889 | D        | Received a gift from Sif Muna
  1083 | D        | Got Xucigism's Intricacies of Hermeneutics
  1094 | D        | Learned a level 6 spell: Statue Form
  1094 | D        | Entered arena 9.
  1094 | D        | Noticed a smoke demon
  1094 | D        | Noticed a raiju
  1094 | D        | Noticed a sixfirhy
  1095 | D        | Found a transporter.
  1101 | D        | Reached skill level 1 in Transmutations
  1101 | D        | Reached skill level 1 in Earth Magic
  1106 | D        | Killed a sixfirhy
  1106 | D        | Reached skill level 10 in Invocations
  1106 | D        | Reached XP level 9. HP: 67/79 MP: 9/20
  1112 | D        | Killed a smoke demon
  1112 | D        | Reached skill level 5 in Transmutations
  1112 | D        | Reached skill level 5 in Earth Magic
  1119 | D        | Identified Kivuh's Collected Works on the Fiery Rocks (Sif
                  | Muna gifted it to you in the Dungeon)
  1119 | D        | Received a gift from Sif Muna
  1218 | D        | Entered arena 10.
  1219 | D        | Found a transporter.
  1251 | D        | Entered arena 11.
  1251 | D        | Noticed a cyan ugly thing
  1251 | D        | Noticed an orb spider
  1251 | D        | Noticed a white ugly thing
  1251 | D        | Noticed a rime drake
  1252 | D        | Found a transporter.
  1254 | D        | Identified Sif Muna's Disquisition on the Mutagenic
                  | Entourage (Sif Muna gifted it to you in the Dungeon)
  1254 | D        | Received a gift from Sif Muna
  1254 | D        | Reached ****** piety under Sif Muna
  1254 | D        | Killed a cyan ugly thing
  1254 | D        | Killed an orb spider
  1254 | D        | Reached XP level 10. HP: 60/86 MP: 12/21
  1260 | D        | Killed a purple ugly thing
  1260 | D        | Identified Sif Muna's Reference Book on Enthralling Black
                  | Magic (Sif Muna gifted it to you in the Dungeon)
  1260 | D        | Received a gift from Sif Muna
  1260 | D        | Reached skill level 10 in Transmutations
  1260 | D        | Reached skill level 10 in Earth Magic
  1354 | D        | Got the Almanac of Shape Shifting and Confrontation
  1356 | D        | Entered arena 12.
  1356 | D        | Noticed Maurice
  1356 | D        | Noticed Erica
  1356 | D        | Noticed Dowan
  1356 | D        | Noticed Donald
  1356 | D        | Noticed Louise
  1357 | D        | Identified the +6 great sword of Disgust {drain, *Contam
                  | rPois MR- Int+9}
  1357 | D        | Noticed Nergalle
  1357 | D        | Noticed Nessos
  1357 | D        | Noticed Eustachio
  1357 | D        | Noticed Harold
  1357 | D        | Noticed Saint Roka
  1358 | D        | Found a transporter.
  1359 | D        | Killed Dowan
  1359 | D        | Killed Eustachio
  1359 | D        | Killed Nergalle
  1359 | D        | Killed Nessos
  1360 | D        | Killed Maurice
  1360 | D        | Killed Donald
  1360 | D        | Reached XP level 11. HP: 82/92 MP: 5/22
  1360 | D        | Killed Erica
  1367 | D        | Killed Harold
  1367 | D        | Identified Loitiw's Papyrus of Supportive Shape Shifting
                  | (Sif Muna gifted it to you in the Dungeon)
  1367 | D        | Received a gift from Sif Muna
  1367 | D        | HP: 2/92 [Louise/the +6 great sword of Disgust {drain,
                  | *Contam rPois MR- Int+9} (3)]
  1371 | D        | Killed Louise
  1371 | D        | Reached skill level 5 in Polearms
  1375 | D        | HP: 5/122 [Saint Roka/divine providence (11)]
  1379 | D        | Killed from afar by Saint Roka

Illustrated notes

Levels and vault maps discovered:
D:        sprint_v [room_start, room_1, room_2, room_3, room_4, room_5, room_6,
          room_7, room_8, room_9, room_10, room_11, room_12, room_13, room_14,
          room_15, room_16, room_17, room_18, room_19, room_20, room_21,
          room_22, room_23, room_24, room_25, room_26, room_27]

Skill      XL: |  1  2  3  4  5  6  7  8  9 10 11 |
---------------+----------------------------------+-----
Fighting       | 3 4 5 6 7 8 |  8.0
Dodging        | 3 4 5 6 7 |  7.0
Shields        | 3 4 5 6 7 |  7.5
Spellcasting   | 3 4 5 6 7 9 |  9.1
Ice Magic      | 6 7 8 9 10 | 10.3
Polearms       | 2 3 5 |  5.0
Invocations    | 7 10 11 12 | 12.0
Transmutations | 4 9 12 13 | 13.3
Earth Magic    | 4 9 13 | 13.3
Stealth        | |  1.7

Action                   |  1- 3 |  4- 6 |  7- 9 | 10-12 || total
-------------------------+-------+-------+-------+-------++-------
Melee: Lance             |     6 |    36 |    65 |    19 ||   126
       Tailslap          |       |     1 |     6 |     1 ||     8
 Cast: Frozen Ramparts   |       |     4 |     3 |       ||     7
       Ozocubu's Armour  |       |     1 |     3 |       ||     4
       Hailstorm         |       |       |     6 |       ||     6
       Ignition          |       |       |       |     3 ||     3
       Statue Form       |       |       |       |     1 ||     1
Invok: Divine Exegesis   |       |       |       |     4 ||     4
 Abil: Breathe Acid      |       |       |     2 |     1 ||     3
  Use: Potion            |     1 |       |     2 |     2 ||     5
Armor: Skin              |       |     4 |    38 |       ||    42
Dodge: Dodged            |     1 |     7 |    33 |     2 ||    43
Block: Kite shield       |     9 |    48 |   172 |    14 ||   243

Table legend: (Time is in decaauts)
 A = Elapsed time spent in this place.
 B = Non-inter-level travel time spent in this place.
 C = Inter-level travel time spent in this place.
 D = Time resting spent in this place.
 E = Time spent auto-exploring this place.
 F = Levels seen in this place.
 G = Mean time per level.
                   A        B        C        D        E       F      G
               +--------+--------+--------+--------+--------+-----+--------+
         Total |   1399 |   1399 |      0 |   1025 |     11 |   1 | 1399.0 |
       Dungeon |   1399 |   1399 |      0 |   1025 |     11 |   1 | 1399.0 |
               +--------+--------+--------+--------+--------+-----+--------+

Top non-repeatable levels by time:
       D: 1399 daAuts
